 Dungeon Crawl Stone Soup version 0.19.5 (webtiles) character file.

112 spiff the Sneak (level 4, -7/29 HPs)
             Began as a High Elf Assassin on Apr 2, 2017.
             Killed by nerve-wracking pain
             ... invoked by an orc priest
              (9 damage)
             ... on level 3 of the Dungeon.
             The game lasted 00:06:21 (2727 turns).

spiff the Sneak (High Elf Assassin)                 Turns: 2727, Time: 00:06:21

Health: -7/29      AC:  3    Str: 15    XL:     4   Next: 63%
Magic:  5/5        EV: 12    Int: 20    God:
Gold:   93         SH:  0    Dex: 16    Spells: 0 memorised, 3 levels left

rFire  + . .     SeeInvis .     a - +2 dagger
rCold  . . .     Gourm    .     c - +0 robe
rNeg   . . .     Faith    .     (no shield)
rPois  .         Spirit   .     (no helmet)
rElec  .         Reflect  .     d - +0 cloak
rCorr  .         Harm     .     (no gloves)
MR     .....                    (no boots)
Stlth  +++.......               q - amulet of rage
                                u - ring of protection from fire
                                y - +4 ring of intelligence

@: mighty
A: no striking features
a: Evoke Berserk Rage


You were on level 3 of the Dungeon.
You were hungry.

You visited 1 branch of the dungeon, and saw 3 of its levels.

You collected 93 gold pieces.

Inventory:

Hand Weapons
 a - a +2 dagger (weapon)
 b - a +0 blowgun
Missiles
 e - 9 poisoned needles
 f - 2 curare-tipped needles
 o - 41 stones (quivered)
 p - 50 arrows
Armour
 c - a +0 robe (worn)
 d - a +0 cloak (worn)
Jewellery
 j - a +3 ring of strength
 q - an amulet of rage (around neck)
 u - a ring of protection from fire (right hand)
 y - a +4 ring of intelligence (left hand)
Scrolls
 h - 2 scrolls of fear
 m - a scroll of remove curse
Potions
 i - a potion of flight {unknown}
 k - 2 potions of brilliance
 l - a potion of haste {unknown}
 s - a potion of agility {unknown}
 t - a potion of might
 v - a potion of degeneration {unknown}
Comestibles
 g - 2 bread rations
 n - a meat ration
 r - 2 slices of pizza


   Skills:
 - Level 2.0 Fighting
 + Level 4.5 Short Blades
 - Level 2.0 Throwing
 - Level 1.1 Dodging
 + Level 5.8 Stealth


You had 3 spell levels left.
You didn't know any spells.

Dungeon Overview and Level Annotations

Branches:
Dungeon (3/15)

Altars:
Ashenzari


Message History

You see here a frilled lizard corpse.
You butcher the frilled lizard corpse.
You see here a chunk of flesh.
Wield which item (- for none, * to show all)? (? for menu, Esc to quit)
Okay, then.
The orc priest mumbles some strange prayers to Beogh against you.
Pain shoots through your body!
You see here a chunk of flesh.
The orc priest calls down the wrath of Beogh upon you.
Beogh smites you!
Ouch! That really hurt!
* * * LOW HITPOINT WARNING * * *
The orc priest looks encouraged for a moment.
The orc priest barely misses you.
There is an escape hatch in the ceiling here.
You feel very mighty all of a sudden.
You barely miss the orc priest.
The orc priest calls down the wrath of Beogh upon you.
Pain shoots through your body!
You die...

.......>..(..................
# ######.####......###..#..##
#.######)####......# #.##..#
.....o##...####.%..# #.....##
....oo............####......#
....$.#..............#......#
......###.......#.#.[.......#
......###.#....o......).....#
................@.####.......#
.###.#..........#.# #.....#.#
. #............#.# #.....#.#
.............#.# #.....#.###
.............#.# #####.#..)#
#............#.. .###.##
#............##. .# #...
#..#####.##.....#######.# #.##
.. #..#.............###.##


You could see an orc priest.

Vanquished Creatures
  Jessica (D:2)
  A gnoll (D:3)
  An adder (D:2)
  3 dart slugs
  A leopard gecko (D:2)
  5 orcs (D:3)
  A ball python (D:1)
  6 bats
  3 giant cockroaches
  4 goblins
  7 hobgoblins
  7 kobolds
  2 quokkas (D:2)
  3 frilled lizards
  9 rats
54 creatures vanquished.

Notes
Turn   | Place    | Note
-------+----------+-------------------------------------------
     0 | D:1      | spiff the High Elf Assassin began the quest for the Orb.
     0 | D:1      | Reached XP level 1. HP: 14/14 MP: 2/2
   148 | D:1      | Reached XP level 2. HP: 17/19 MP: 3/3
   459 | D:1      | Found a shattered altar of Ashenzari.
   756 | D:1      | Reached skill level 5 in Stealth
  1193 | D:2      | Reached XP level 3. HP: 23/24 MP: 4/4
  1210 | D:2      | Noticed Jessica
  1228 | D:2      | Killed Jessica
  1401 | D:2      | Reached XP level 4. HP: 23/29 MP: 5/5
  2721 | D:3      | HP: 1/29 [orc priest/divine providence (16)]
  2727 | D:3      | Killed from afar by an orc priest

Skill      XL: |  1  2  3 |
---------------+----------+-----
Short Blades   | 3 4 |  4.5
Stealth        | 5 |  5.8
Fighting       | |  2.0
Throwing       | |  2.0
Dodging        | |  1.1

Action                   |  1- 3 |  4- 6 || total
-------------------------+-------+-------++-------
Melee: Dagger            |    94 |    96 ||   190
 Fire: Blowgun           |     4 |     4 ||     8
Throw: Stone             |       |     2 ||     2
 Abil: Evoke Berserk Rag |       |     1 ||     1
  Use: Scroll            |       |     7 ||     7
       Potion            |       |     1 ||     1
 Stab: Sleeping          |     8 |     2 ||    10
  Eat: Chunk             |     1 |     5 ||     6
Armor: Robe              |    21 |    19 ||    40
Dodge: Dodged            |    69 |    49 ||   118
